 Dungeon Crawl Stone Soup version 0.32-a0-899-geb5ba95c15 (webtiles) character file.

Game seed: 10864150762123543723

49 Ajdolov the Cudgeller (level 3, -4/31 HPs)
             Began as an Armataur Monk on Apr 4, 2024.
             Slain by a gnoll
             ... wielding a +0 flail
              (6 damage)
             ... on level 1 of the Dungeon.
             The game lasted 00:01:23 (883 turns).

Ajdolov the Cudgeller (Armataur Monk)                Turns: 883, Time: 00:01:24

Health: -4/31      AC:  4    Str: 18    XL:     3   Next: 51%
Magic:  3/3        EV:  8    Int: 10    God:
Gold:   44         SH:  0    Dex: 12    Spells: 2/2 levels left

rFire   . . .        a - +0 mace
rCold   . . .        d - orb {light}
rNeg    + . .        f - +0 leather armour
rPois   .            (no helmet)
rElec   .            (no cloak)
rCorr   .            (no gloves)
SInv    .            (no barding)
Will    .....        (no amulet)
Stlth   +            b - ring of positive energy
HPRegen 0.25/turn    (no ring)
MPRegen 0.08/turn

%: roll
@: glowing
A: large, deformed body, tough skin 3, armoured tail, rollpage 1
a: no special abilities


You were on level 1 of the Dungeon.
You visited 1 branch of the dungeon, and saw 2 of its levels.

You collected 44 gold pieces.

Inventory:

Hand Weapons
 a - a +0 mace (weapon)
Armour
 d - an orb of light (worn)
 f - a +0 leather armour (worn)
Jewellery
 b - a ring of positive energy (left hand)
Scrolls
 e - 3 scrolls of identify {unknown}
 g - a scroll of teleportation {unknown}
 j - a scroll of fog {unknown}
Potions
 c - 2 potions of ambrosia
 h - 2 potions of haste {unknown}
 i - a potion of lignification {unknown}


   Skills:
 + Level 3.5 Fighting
 + Level 3.5 Maces & Flails
 - Level 2.1 Dodging


You had 2 spell levels left.
You didn't know any spells.
Your spell library was empty.

Dungeon Overview and Level Annotations

Branches:
Dungeon (2/15)

Altars:


Innate Abilities, Weirdness & Mutations

Armour fits poorly on your strangely shaped body.
You have extremely tough skin. (AC +3)
You have a long armoured tail.
You regenerate magic when rolling toward enemies. (Rampage MPRegen)


Message History

The jackal closely misses you.
The jackal bites you but does no damage.
You closely miss the jackal. The jackal closely misses you.
The jackal bites you but does no damage.
The jackal bites you.
The jackal bites you but does no damage.
The jackal bites you.
The jackal bites you but does no damage.
You climb upwards.
There is a stone staircase leading down here.
You hit the jackal but do no damage. The jackal barely misses you. x2
The jackal closely misses you.
You sock the jackal!
You kill the jackal!
The jackal bites you but does no damage.
The jackal pauses to sniff the ground.
The jackal bites you.
You hit the jackal but do no damage. You tail-slap the jackal.
You kill the jackal!
No target in view!
No target in view!
You start resting.
HP restored.
You climb downwards.
The gnoll barely misses you. x2
The gnoll hits you with a +0 flail.
There is a stone staircase leading up here.
The gnoll hits you from afar with a +0 halberd!
Ouch! That really hurt!
The gnoll hits you with a +0 flail.
You climb upwards.
There is a stone staircase leading down here.
The gnoll attacks as it pursues you! The gnoll hits you with a +0 flail.
* * * LOW HITPOINT WARNING * * *
You barely miss the gnoll. The gnoll hits you with a +0 flail.
* * * LOW HITPOINT WARNING * * *
Unknown command.
You hit the gnoll but do no damage. You tail-slap the gnoll.
The gnoll is lightly wounded.
The gnoll hits you with a +0 flail.
You die...

######## ####......# ######
..........# #....##
.###......#####.##..# ####
...†####.....###.##.######..###
..†...ß#....#....##†......P...#
.....#^#...÷..###.>##....P♣♣P.###
.......#..##...##g†##....P♣♣♣...#
#_##.###..##.##.@##....PPP♣♣♣♣..#
#.#..^ß#####.###.##.#...♣♣♣♣....#
#.######...#.....#.......♣♣♣♣....
....#.......#.##.#.......P.P...##
.................#.......#......#
####............>........#......#
#.........♣.....##...##.......
##....####......##÷..##.######
#......#.......##......#...##


You could see a gnoll.

Vanquished Creatures
  An adder (D:2)
  2 ball pythons (D:1)
  A bat (D:1)
  8 endoplasms (D:1)
  A giant cockroach (D:1)
  3 hobgoblins (D:1)
  2 jackals (D:1)
  4 quokkas
  3 frilled lizards (D:1)
  5 goblins
  A kobold (D:1)
  3 rats (D:1)
34 creatures vanquished.

Notes
Turn   | Place    | Note
-------+----------+-------------------------------------------
     0 | D:1      | Ajdolov the Armataur Monk began the quest for the Orb.
     0 | D:1      | Reached XP level 1. HP: 18/18 MP: 1/1
   135 | D:1      | Reached XP level 2. HP: 17/26 MP: 2/2
   367 | D:1      | Found a faded altar of an unknown god.
   398 | D:1      | Reached XP level 3. HP: 27/31 MP: 3/3
   883 | D:1      | Slain by a gnoll

Illustrated notes

Levels and vault maps discovered:
D:1:      amcnicky_arrival_blooded_trapdoor, layout_basic, serial_forest,
          infiniplex_forest_join, infiniplex_forest_clump_long,
          infiniplex_forest_lined_room_2, infiniplex_forest_clump_medium,
          infiniplex_forest_straight_3, infiniplex_forest_clump_tiny,
          infiniplex_forest_corner_1, infiniplex_forest_end_2,
          infiniplex_forest_clump_small, infiniplex_forest_pool,
          shapermc_ecumenical_altar_mp_highgroup, st_stairs_7
D:2:      layout_rooms

Skill      XL: |  1 |
---------------+----+-----
Fighting       | 3 |  3.5
Maces & Flails | 3 |  3.5
Dodging        | |  2.1

Action                     || total
---------------------------++-------
  Melee: Mace              ||    75
         Tailslap          ||     6
 Armour: Leather armour    ||    71
  Dodge: Dodged            ||    56

Table legend: (Time is in decaauts)
 A = Elapsed time spent in this place.
 B = Non-inter-level travel time spent in this place.
 C = Inter-level travel time spent in this place.
 D = Time resting spent in this place.
 E = Time spent auto-exploring this place.
 F = Levels seen in this place.
 G = Mean time per level.
                   A        B        C        D        E       F      G
               +--------+--------+--------+--------+--------+-----+--------+
         Total |    902 |    885 |     17 |     25 |    634 |   2 |  451.0 |
       Dungeon |    902 |    885 |     17 |     25 |    634 |   2 |  451.0 |
               +--------+--------+--------+--------+--------+-----+--------+

Top non-repeatable levels by time:
     D:1: 795 daAuts
     D:2: 107 daAuts
